 Dungeon Crawl Stone Soup version 0.24.0-13-gcf9b319 (webtiles) character file.

Game seed: 15249662578874034048, levelgen mode: deterministic

805 Fang the Skirmisher (level 7, -2/45 HPs)
             Began as a Gargoyle Berserker on Dec 2, 2019.
             Was a Priest of Trog.
             Slain by a wraith (6 damage)
             ... on level 5 of the Dungeon on Dec 3, 2019.
             The game lasted 00:04:02 (4547 turns).

Fang the Skirmisher (Gargoyle Berserker)            Turns: 4547, Time: 00:04:03

Health: -2/45      AC: 14    Str: 23    XL:     7   Next: 91%
Magic:  7/7        EV:  9    Int:  7    God:    Trog [***...]
Gold:   245        SH:  0    Dex:  9    Spells: 6/6 levels left

rFire    . . .     SeeInvis .   a - +0 war axe
rCold    . . .     Gourm    .   (no shield)
rNeg     + . .     Faith    .   b - +0 chain mail
rPois    ∞         Spirit   .   (no helmet)
rElec    +         Reflect  .   (no cloak)
rCorr    .         Harm     .   (no gloves)
MR       .....                  (no boots)
Stlth    ..........             (no amulet)
HPRegen  0.15/turn              (no ring)
MPRegen  0.10/turn              (no ring)

@: berserk cooldown, slowed, very slow
A: negative energy resistance 1, electricity resistance, unbreathing,
petrification resistance, rot immunity, AC +4
a: Berserk, Trog's Hand, Renounce Religion


You were on level 5 of the Dungeon.
You worshipped Trog.
Trog was most pleased with you.
You were very hungry.

You visited 1 branch of the dungeon, and saw 5 of its levels.

You collected 245 gold pieces.

Inventory:

Hand Weapons
 a - a +0 war axe (weapon)
Armour
 b - a +0 chain mail (worn)
Scrolls
 e - 5 scrolls of identify {unknown}
 h - a scroll of blinking {unknown}
 i - a scroll of amnesia {unknown}
 k - a scroll of enchant weapon {unknown}
 l - 2 scrolls of noise {unknown}
 m - a scroll of fear {unknown}
 q - a scroll of immolation {unknown}
 r - 3 scrolls of remove curse {unknown}
 u - a scroll of teleportation {unknown}
 v - a scroll of enchant armour {unknown}
Potions
 d - a potion of berserk rage {unknown}
 f - 6 potions of degeneration {unknown}
 g - 2 potions of might {unknown}
 j - a potion of cancellation {unknown}
 n - 2 potions of heal wounds {unknown}
 o - 2 potions of agility {unknown}
 p - 2 potions of lignification {unknown}
 s - 3 potions of curing {unknown}
Comestibles
 c - 11 rations
 t - 4 chunks of flesh


   Skills:
 + Level 5.7 Fighting
 + Level 4.7 Axes
 + Level 5.1 Armour
 + Level 3.8 Dodging


You had 6 spell levels left.
You didn't know any spells.
Your spell library was empty.

Dungeon Overview and Level Annotations

Branches:
Dungeon (5/15)
 Temple: D:4-7

Altars:
Cheibriados
Elyvilon
Fedhas
Gozag
Kikubaaqudgha
Okawaru
Trog
The Shining One

Annotations:
D:3 2 runed translucent doors, howech's ghost, amateur TeFE


Innate Abilities, Weirdness & Mutations

You are resistant to torment.
Your stone body is resilient. (AC +4)
You are immune to poison.
You resist negative energy. (rN+)
You are resistant to electric shocks. (rElec)
You can survive without breathing.
You are immune to petrification.
You are immune to rotting.


Message History

You hit the wraith.
The wraith is heavily damaged.
You are no longer berserk.
You are exhausted.
You feel as though you will be slow longer.
The wraith hits you but does no damage.
You slash the wraith!
The wraith is severely damaged.
The wraith hits you.
* * * LOW HITPOINT WARNING * * *
The wraith drains your vigour!
You feel as though you will be slow longer.
The wraith barely misses you.
You barely miss the wraith.
The wraith is severely damaged.
The wraith barely misses you. The wraith hits you but does no damage.
You barely miss the wraith.
The wraith is severely damaged.
The wraith hits you.
You die...

#........#
#.########
#.# #.#
#.# #.#
#.#####
#.....#
#####@#
#W# #..
####


You could see a wraith.

Vanquished Creatures
  An ice beast (D:5)
  A centaur (D:4)
  A scorpion (D:5)
  A howler monkey (D:4)
  A jelly (D:5)
  A hound (D:4)
  4 orc wizards
  An orc priest (D:5)
  Jessica (D:2)
  An iguana (D:4)
  5 worker ants
  A hound skeleton (D:4)
  5 adders
  An ooze (D:4)
  5 worms
  A dart slug (D:3)
  4 leopard geckos
  19 orcs
  6 bats
  4 giant cockroaches
  3 goblins
  7 hobgoblins
  A jackal (D:4)
  A quokka (D:3)
  4 ball pythons
  4 frilled lizards
  9 kobolds
  2 quokka skeletons (D:5)
  11 rats
106 creatures vanquished.

Notes
Turn   | Place    | Note
-------+----------+-------------------------------------------
     0 | D:1      | Fang the Gargoyle Berserker began the quest for the Orb.
     0 | D:1      | Reached XP level 1. HP: 14/14 MP: 1/1
   340 | D:1      | Reached XP level 2. HP: 19/19 MP: 2/2
   611 | D:1      | You fall into a shaft and drop 1 floor!
   914 | D:2      | Reached XP level 3. HP: 23/23 MP: 3/3
   998 | D:2      | Found a blossoming altar of Fedhas.
  1147 | D:2      | Noticed Jessica
  1161 | D:2      | Killed Jessica
  1214 | D:2      | Found a glowing golden altar of the Shining One.
  1439 | D:2      | Noticed a moth of wrath
  1442 | D:2      | Found a bloodstained altar of Trog.
  1450 | D:2      | Reached XP level 4. HP: 29/29 MP: 4/4
  1454 | D:2      | Reached ** piety under Trog
  2147 | D:3      | Reached XP level 5. HP: 13/33 MP: 5/5
  2438 | D:3      | Found a large runed translucent door.
  2440 | D:3      | Found a large runed translucent door.
  2442 | D:3      | Noticed howech's ghost (amateur TeFE)
  2643 | D:3      | Found an iron altar of Okawaru.
  2644 | D:3      | Found a white marble altar of Elyvilon.
  2648 | D:3      | Found an opulent altar of Gozag.
  3082 | D:4      | Reached XP level 6. HP: 33/39 MP: 6/6
  3677 | D:4      | Found a snail-covered altar of Cheibriados.
  3716 | D:4      | Found an ancient bone altar of Kikubaaqudgha.
  3888 | D:4      | Reached *** piety under Trog
  3923 | D:4      | Reached skill level 5 in Fighting
  3950 | D:4      | Reached XP level 7. HP: 40/44 MP: 7/7
  4416 | D:5      | Entered Level 5 of the Dungeon
  4462 | D:5      | Reached skill level 5 in Armour
  4530 | D:5      | Noticed a wraith
  4547 | D:5      | Slain by a wraith

Levels and vault maps discovered:
D:1:      psy_arrival_fountain, layout_basic, serial_park_tiny_1
D:2:      layout_basic, lemuel_coloured_pillars_altar, tgw_trog,
          nicolae_overflow_crystal_walls, uniq_jessica
D:3:      minmay_wonky_spiral, layout_basic, minitemple,
          ebering_ghost_disaster_area
D:4:      kennysheep_spiral_hall, layout_loops_corners, lemuel_round_altar,
          cheibriados_altar_1, first_ration, grunt_decor_cap, kennysheep_doodads
D:5:      layout_basic

Skill      XL: |  1  2  3  4  5  6  7 |
---------------+----------------------+-----
Axes           | 3 4 |  4.7
Dodging        | 2 3 |  3.8
Armour         | 3 4 5 |  5.1
Fighting       | 4 5 |  5.7

Action                   |  1- 3 |  4- 6 |  7- 9 || total
-------------------------+-------+-------+-------++-------
Melee: Hand axe          |    84 |       |       ||    84
       War axe           |    19 |   241 |    96 ||   356
Invok: Berserk           |     1 |     2 |     1 ||     4
       Trog's Hand       |       |     1 |       ||     1
  Eat: Chunk             |     2 |    10 |     4 ||    16
Armor: Animal skin       |    58 |    41 |       ||    99
       Chain mail        |       |   102 |    53 ||   155
Dodge: Dodged            |    98 |   138 |    44 ||   280
